 Dungeon Crawl Stone Soup version 0.20.0-15-g7f486f2 (webtiles) character file.

3364 Gravenous the Fighter (level 10, -5/133 HPs)
             Began as a Formicid Hunter on June 10, 2017.
             Slain by a two-headed ogre
             ... wielding a +0 giant club
              (14 damage)
             ... on level 9 of the Dungeon.
             The game lasted 00:13:26 (8402 turns).

Gravenous the Fighter (Formicid Hunter)             Turns: 8402, Time: 00:13:27

Health: -5/133     AC: 25    Str: 25      XL:     10   Next: 23%
Magic:  11/11      EV:  2    Int: 11      God:
Gold:   328        SH:  5    Dex: 11 (13) Spells: 9/9 levels left

rFire    . . .     SeeInvis .   s - +0 hand axe
rCold    . . .     Gourm    .   r - +0 buckler
rNeg     + + +     Faith    .   (armour currently unavailable)
rPois    +         Spirit   .   (helmet unavailable)
rElec    .         Reflect  .   (cloak currently unavailable)
rCorr    .         Harm     .   (gloves currently unavailable)
MR       +....                  (boots currently unavailable)
Stlth    ++........             w - amulet of magic regeneration
Regen    0.4/turn               d - ring of wizardry
MPRegen  0.2/turn               a - +2 ring of dexterity

@: mighty, tree-form (expiring)
A: permanent stasis, dig shafts and tunnels, four strong arms
a: no special abilities


You were on level 9 of the Dungeon.
You were hungry.
You were a tree.
You visited 1 branch of the dungeon, and saw 9 of its levels.

You collected 328 gold pieces.

Inventory:

Hand Weapons
 s - a +0 hand axe (weapon)
Missiles
 c - 10 javelins (quivered)
Armour
 p - a +2 chain mail of positive energy (melded)
 r - a +0 buckler (worn)
Jewellery
 a - a +2 ring of dexterity (right branch)
 d - a ring of wizardry (left branch)
 w - an amulet of magic regeneration (around neck)
Wands
 g - a wand of random effects (2/48)
 o - a wand of digging (9/24)
 y - a wand of confusion (35/48)
Scrolls
 h - 2 scrolls of amnesia
 l - a scroll of remove curse
 v - 4 scrolls of immolation
 B - a scroll of identify
Potions
 e - 3 potions of brilliance {unknown}
 i - 3 potions of curing
 j - 3 potions of agility {unknown}
 k - a potion of heal wounds
 n - a potion of mutation
 q - 2 potions of ambrosia
 t - a potion of magic
 x - a potion of degeneration {unknown}
Comestibles
 b - 7 fruits
 f - 5 bread rations
 m - 3 meat rations
 u - a royal jelly


   Skills:
 - Level 11.8 Fighting
 * Level 5.7 Axes
 - Level 4.0 Throwing
 - Level 11.6 Armour
 - Level 1.7 Dodging
 - Level 1.2 Stealth
 - Level 4.8 Shields
 + Level 1.6 Evocations


You had 9 spell levels left.
You didn't know any spells.

Dungeon Overview and Level Annotations

Branches:
Dungeon (9/15)             Temple (0/1) D:4
   Lair: D:8-11         Orc: D:9-12

Altars:
Ashenzari
Cheibriados
Fedhas
Gozag
Hepliaklqana
Trog
The Shining One

Shops:
D:7 (

Annotations:
D:5 Soyweiser's ghost, amateur DDFi
D:8 pib's ghost, novice TrBe


Innate Abilities, Weirdness & Mutations

You cannot be hasted, slowed, berserked, paralysed or teleported.
You can dig through walls and to a lower floor.
Your four strong arms can wield two-handed weapons with a shield.
((You have a pair of large antennae on your head. (SInv)))


Message History

You slash something! You slash the leopard gecko!
You kill the leopard gecko!
Your transformation is almost over.
Something hits you! Something hits you but does no damage.
You hit something. Something hits you but does no damage. Something hits you!
Something completely misses you. You block something's attack.
You slash something! Something hits you but does no damage. Something hits you!
You hit something. Something hits you! Something hits you but does no damage.
You miss something. Something hits you!!
* * * LOW HITPOINT WARNING * * *
Something hits you but does no damage.
You hit something. Something hits you!
* * * LOW HITPOINT WARNING * * *
Something hits you but does no damage.
You closely miss something. Something hits you.
* * * LOW HITPOINT WARNING * * *
Something hits you.
* * * LOW HITPOINT WARNING * * *
You hit something but do no damage. Something hits you!
You die...

#...............#
...
#...###.........#
#######...........
#.......(....
#.............
#..............
####........
#..†........
#...♣.......
#...{†......
###.........
#.........
##.[......
#........
.........
.........
..........


There were no monsters in sight!

Vanquished Creatures
  Grinder (D:4)
  A hippogriff (D:9)
  Sigmund (D:6)
  Eustachio (D:4)
  A water moccasin (D:4)
  A sky beast (D:7)
  An ice beast (D:6)
  An ogre (D:4)
  A black bear (D:6)
  An orc warrior (D:6)
  A phantom (D:5)
  A necrophage (D:7)
  A centaur (D:7)
  A crocodile (D:8)
  Blork the orc (D:4)
  4 bullfrogs
  A wyvern skeleton (D:8)
  4 scorpions
  5 crimson imps
  A bullfrog zombie (D:7)
  2 jellies
  A quasit (D:9)
  3 hounds
  3 orc priests
  2 centaur skeletons
  Jessica (D:2)
  An iguana (D:6)
  5 worker ants
  6 orc wizards
  A hound zombie (D:5)
  5 adders
  A shadow imp (D:5)
  5 worms
  4 dart slugs
  6 leopard geckos
  19 orcs
  A ball python (D:1)
  4 giant cockroaches
  9 goblins
  7 hobgoblins
  18 jackals
  4 quokkas
  16 bats
  5 frilled lizards
  9 kobolds
  7 rats
175 creatures vanquished.

Notes
Turn   | Place    | Note
-------+----------+-------------------------------------------
     0 | D:1      | Gravenous the Formicid Hunter began the quest for the Orb.
     0 | D:1      | Reached XP level 1. HP: 16/16 MP: 1/1
    54 | D:1      | Reached XP level 2. HP: 1/23 MP: 2/2
    59 | D:1      | Reached skill level 1 in Armour
   547 | D:1      | Reached XP level 3. HP: 15/28 MP: 3/3
  1543 | D:2      | Reached XP level 4. HP: 32/35 MP: 4/4
  1919 | D:2      | Reached XP level 5. HP: 51/53 MP: 5/5
  1920 | D:2      | Reached XP level 6. HP: 60/63 MP: 6/6
  2292 | D:2      | Noticed Jessica
  2304 | D:2      | Killed Jessica
  2760 | D:3      | Reached XP level 7. HP: 69/69 MP: 7/7
  3447 | D:4      | Found a shattered altar of Ashenzari.
  3449 | D:4      | Noticed Grinder
  3478 | D:4      | Killed Grinder
  3478 | D:4      | Reached skill level 1 in Axes
  3552 | D:4      | Noticed Eustachio
  3628 | D:4      | Killed Eustachio
  3628 | D:4      | Reached XP level 8. HP: 58/76 MP: 8/8
  3797 | D:4      | Found a snail-covered altar of Cheibriados.
  3821 | D:4      | Found a staircase to the Ecumenical Temple.
  3839 | D:4      | Noticed Blork the orc
  3857 | D:4      | Killed Blork the orc
  3960 | D:4      | Found an opulent altar of Gozag.
  4080 | D:4      | Found a blossoming altar of Fedhas.
  4122 | D:4      | Found a hazy altar of Hepliaklqana.
  4155 | D:4      | Reached skill level 1 in Shields
  4651 | D:4      | HP: 3/76 [ogre/giant spiked club (18)]
  5353 | D:5      | Entered Level 5 of the Dungeon
  5471 | D:5      | Found a glowing golden altar of the Shining One.
  5556 | D:5      | Reached XP level 9. HP: 69/82 MP: 9/9
  5821 | D:5      | Noticed Soyweiser's ghost (amateur DDFi)
  5831 | D:6      | Noticed Sigmund
  5849 | D:6      | Killed Sigmund
  5992 | D:6      | Found a bloodstained altar of Trog.
  6955 | D:7      | Found Qocuva Elau's Antique Weapon Shop.
  7277 | D:7      | Reached skill level 5 in Axes
  7563 | D:8      | Noticed pib's ghost (novice TrBe)
  7599 | D:7      | Reached XP level 10. HP: 58/89 MP: 10/10
  8013 | D:8      | Reached skill level 1 in Evocations
  8381 | D:9      | Noticed a two-headed ogre
  8402 | D:9      | Slain by a two-headed ogre

Skill      XL: |  1  2  3  4  5  6  7  8  9 10 |
---------------+-------------------------------+-----
Armour         | 1 2 9 11 | 11.6
Fighting       | 3 9 11 | 11.8
Axes           | 1 3 5 |  5.7
Shields        | 3 4 |  4.8
Evocations     | 1 |  1.6
Throwing       | |  4.0
Dodging        | |  1.7
Stealth        | |  1.2

Action                   |  1- 3 |  4- 6 |  7- 9 | 10-12 || total
-------------------------+-------+-------+-------+-------++-------
Melee: Short sword       |   183 |   201 |    55 |       ||   439
       Hand axe          |       |       |   566 |   125 ||   691
Throw: Throwing net      |     2 |       |     1 |       ||     3
       Javelin           |     1 |       |       |       ||     1
 Abil: Dig               |     1 |     1 |     6 |       ||     8
Evoke: Wand              |       |       |     3 |     9 ||    12
  Use: Scroll            |       |     5 |    13 |     1 ||    19
       Potion            |       |     2 |     3 |     2 ||     7
 Stab: Distracted        |     1 |     1 |       |       ||     2
       Sleeping          |     1 |       |       |       ||     1
  Eat: Chunk             |     2 |     5 |    17 |     1 ||    25
       Fruit             |       |       |       |     1 ||     1
Armor: Leather armour    |    55 |    12 |       |       ||    67
       Chain mail        |       |    97 |   326 |   108 ||   531
       Skin              |       |       |    13 |    12 ||    25
Dodge: Dodged            |   156 |    90 |   213 |    98 ||   557
Block: Buckler           |       |       |   105 |    37 ||   142
